 Dungeon Crawl Stone Soup version 0.21.1-1-g345015f (webtiles) character file.

26 Goblin1989 the Chopper (level 2, -1/24 HPs)
             Began as a Demonspawn Monk on Feb 5, 2018.
             Slain by Natasha (2 damage)
             ... on level 2 of the Dungeon.
             The game lasted 00:01:59 (1285 turns).

Goblin1989 the Chopper (Demonspawn Monk)            Turns: 1285, Time: 00:01:59

Health: -1/24      AC:  2    Str: 11    XL:     2   Next: 89%
Magic:  2/2        EV: 13    Int: 11    God:
Gold:   32         SH:  0    Dex: 15    Spells: 1/1 levels left

rFire    . . .     SeeInvis .   a - +0 hand axe
rCold    . . .     Gourm    .   (no shield)
rNeg     . . .     Faith    .   b - +0 robe
rPois    .         Spirit   .   (helmet restricted)
rElec    .         Reflect  .   (no cloak)
rCorr    .         Harm     .   (no gloves)
MR       .....                  (no boots)
Stlth    ++........             (no amulet)
HPRegen  0.08/turn              (no ring)
MPRegen  0.08/turn              (no ring)

@: slowed, very slow
A: horns 1
a: no special abilities


You were on level 2 of the Dungeon.
You were not hungry.

You visited 1 branch of the dungeon, and saw 2 of its levels.

You collected 32 gold pieces.

Inventory:

Hand Weapons
 a - a +0 hand axe (weapon)
 j - a +2 spear of flaming
Armour
 b - a +0 robe (worn)
Jewellery
 g - an uncursed ring of fire {unknown}
Wands
 l - a wand of flame (40)
Scrolls
 i - a scroll of teleportation {unknown}
 k - a scroll of blinking {unknown}
 m - a scroll of identify {unknown}
Potions
 h - a potion of berserk rage {unknown}
Comestibles
 e - 5 rations


   Skills:
 - Level 3.0 Fighting
 + Level 3.8 Axes
 - Level 2.6 Dodging
 - Level 1.7 Stealth


You had one spell level left.
You didn't know any spells.

Dungeon Overview and Level Annotations

Branches:
Dungeon (2/15)

Altars:

Annotations:
D:2 Natasha


Innate Abilities, Weirdness & Mutations

You have a pair of small horns on your head.


Message History

The rat bites you.
You take 2 damage, and have 22/24 hp.
You hit the rat.
You kill the rat!
No target in view!
No target in view!
No target in view!
No target in view!
No target in view!
No target in view!
No target in view!
No target in view!
No target in view!
No target in view!
No target in view!
No target in view!
No target in view!
No target in view!
No target in view!
No target in view!
No target in view!
No target in view!
No target in view!
No target in view!
No target in view!
No target in view!
No target in view!
No target in view!
m - a scroll labeled ORUISMOMEA Key pressed, stopping explore.
Marking area around Natasha as unsafe for travelling.
Natasha, Servant of Life and Death comes into view.
You see here 11 gold pieces.
Health restored: 24 Unknown command.
Unknown command.
Unknown command.
A goblin comes into view.
Natasha hisses angrily.
The goblin shouts!
Natasha casts a spell at you.
You feel yourself slow down.
You barely miss Natasha. Your headbutt misses Natasha. Natasha claws you!
Natasha claws you.
You are too injured to fight recklessly!
You take 13 damage, and have 11/24 hp.
MASSIVE DAMAGE!!
You are too injured to fight recklessly!
You are too injured to fight recklessly!
You are too injured to fight recklessly!
You are too injured to fight recklessly!
You are too injured to fight recklessly!
You are too injured to fight recklessly!
You are too injured to fight recklessly!
You are too injured to fight recklessly!
You are too injured to fight recklessly!
You are too injured to fight recklessly!
You are too injured to fight recklessly!
You are too injured to fight recklessly!
You are too injured to fight recklessly!
You are too injured to fight recklessly!
You are too injured to fight recklessly!
You are too injured to fight recklessly!
You are too injured to fight recklessly!
You are too injured to fight recklessly!
You are too injured to fight recklessly!
You are too injured to fight recklessly!
You are too injured to fight recklessly!
You are too injured to fight recklessly!
You are too injured to fight recklessly!
You are too injured to fight recklessly!
You are too injured to fight recklessly!
You are too injured to fight recklessly!
You are too injured to fight recklessly!
You are too injured to fight recklessly!
You are too injured to fight recklessly!
Unknown command.
You are too injured to fight recklessly!
Unknown command.
Unknown command.
You hit Natasha.
Natasha is moderately wounded.
Natasha barely misses you.
A dart slug comes into view.
Unknown command.
You miss Natasha.
Natasha is moderately wounded.
Natasha claws you.
* * * LOW HITPOINT WARNING * * *
Natasha claws you!
* * * LOW HITPOINT WARNING * * *
A goblin comes into view. It is wielding a club.
You take 10 damage, and have 1/24 hp.
MASSIVE DAMAGE!!
You hit Natasha but do no damage. You headbutt Natasha.
Natasha is heavily wounded.
Natasha closely misses you.
Natasha casts a spell.
Unknown command.
You miss Natasha. Your headbutt misses Natasha.
Natasha is heavily wounded.
Natasha claws you.
You die...

.........█.█ █.█
████████.█.█ █.█
.█.
█...███.██.█.████
█...............
█.█.███.██.....
█.█.███.██.█.██ █
█.█..............
.......$██.█..███
.........@.5.....
.........██h█..███
........█


gw..... ........█ g█..█ █ ........█ .█.... ......... .. .███ ...████.█ ██ █ ..
.. You could see Natasha, a white imp, a dart slug and 2 goblins.

Vanquished Creatures
  An adder (D:2)
  A worm (D:2)
  2 bats
  4 goblins
  A hobgoblin (D:1)
  A kobold (D:1)
  A quokka (D:2)
  3 rats
14 creatures vanquished.

Notes
Turn   | Place    | Note
-------+----------+-------------------------------------------
     0 | D:1      | Goblin1989 the Demonspawn Monk began the quest for the Orb.
     0 | D:1      | Reached XP level 1. HP: 18/18 MP: 1/1
   575 | D:1      | Gained mutation: You have a pair of small horns on your head. [demonic ancestry]
   575 | D:1      | Reached XP level 2. HP: 24/24 MP: 2/2
  1278 | D:2      | Noticed Natasha
  1283 | D:2      | HP: 1/24 [Natasha (8)]
  1285 | D:2      | Slain by Natasha

Skill      XL: |  1 |
---------------+----+-----
Axes           | 3 |  3.8
Fighting       | |  3.0
Dodging        | |  2.6
Stealth        | |  1.7

Action                   || total
-------------------------++-------
Melee: Hand axe          ||    41
       Headbutt          ||     2
  Use: Potion            ||     1
 Stab: Sleeping          ||     3
  Eat: Chunk             ||     1
Armor: Robe              ||     3
Dodge: Dodged            ||    24

Vault maps used:
D:1:      minmay_arrival_arboretum_small, serial_corexii_hall,
          corexii_hall_statues_x, corexii_hall_statues_x
D:2:      minmay_misc_feat_room, minmay_misc_feat_secret_circle, uniq_natasha,
          uniq_crazy_yiuf_cottage
